 Dungeon Crawl Stone Soup version 0.30.1-4-g462c640d31 (webtiles) character file.

Game seed: 6102400892511791566

880 Fortress the Insei (level 8, -1/60 HPs)
             Began as a Merfolk Transmuter on Aug 16, 2023.
             Was an Initiate of Yredelemnul.
             Slain by an orc wizard
             ... wielding a +1 dagger of speed
              (2 damage)
             ... on level 5 of the Dungeon.
             The game lasted 00:30:06 (3598 turns).

Fortress the Insei (Merfolk Transmuter)             Turns: 3598, Time: 00:30:07

Health: -1/60      AC:  5    Str:  7 (10) XL:     8   Next: 5%
Magic:  13/13      EV: 18    Int: 12 (15) God:    Yredelemnul [......]
Gold:   283        SH:  0    Dex: 12 (14) Spells: 11/14 levels left

rFire   . . .        n - +4 quarterstaff (flame)
rCold   . . .        (shield currently unavailable)
rNeg    . . .        i - +0 leather armour
rPois   .            k - +0 helmet
rElec   .            o - +0 cloak
rCorr   .            (no gloves)
SInv    .            (no boots)
Will    .....        y - amulet of magic regeneration
Stlth   +            d - ring of flight
HPRegen 0.30/turn    t - +5 ring of evasion
MPRegen 0.53/turn

%: no passive effects
@: flying
A: (nimble swimmer 2), mertail, noise suppression
a: Renounce Religion, Recall Undead Harvest


You were on level 5 of the Dungeon.
You worshipped Yredelemnul.
Yredelemnul was noncommittal.
You visited 1 branch of the dungeon, and saw 5 of its levels.

You collected 283 gold pieces.

Inventory:

Hand Weapons
 n - a +4 quarterstaff of flaming (weapon)
Armour
 a - a +0 robe
 i - a +0 leather armour (worn)
 k - a +0 helmet (worn)
 o - a +0 cloak (worn)
Jewellery
 d - a ring of flight (left hand)
 t - a +5 ring of evasion (right hand)
 y - an amulet of magic regeneration (around neck)
 z - a ring of fire
Scrolls
 h - 2 scrolls of blinking
 j - a scroll of poison
 p - a scroll of fog
 r - a scroll of identify
 v - a scroll of teleportation
 x - a scroll of amnesia
Potions
 b - a potion of lignification
 f - 2 potions of curing
 g - a potion of resistance {unknown}
 l - a potion of mutation
 m - 3 potions of brilliance
 q - a potion of flight
 u - a potion of attraction {unknown}
 A - a potion of magic {unknown}


   Skills:
 + Level 3.9 Fighting
 - Level 0.1 Armour
 + Level 6.3 Dodging
 - Level 0.4 Stealth
 + Level 6.4 Unarmed Combat
 + Level 3.5 Spellcasting
 + Level 4.5 Transmutations


You had 11 spell levels left.
You knew the following spells:

 Your Spells              Type           Power      Damage    Failure   Level
a - Beastly Appendage     Tmut           26%        N/A       5%          1
b - Wereblood             Tmut           13%        N/A       8%          2

Your spell library contained the following spells:

 Spells                   Type           Power      Damage    Failure   Level
 Spider Form              Tmut/Pois      7%         N/A       36%         3
 Dazzling Flash           Conj/Hex       4%         N/A       71%         3
 Gell's Gravitas          Tloc           2%         N/A       71%         3
 Inner Flame              Hex/Fire       2%         N/A       71%         3
 Ozocubu's Armour         Ice            2%         N/A       71%         3
 Teleport Other           Tloc           2%         N/A       71%         3
 Volatile Blastmotes      Fire/Tloc      4%         2d10      71%         3
 Ice Form                 Ice/Tmut       7%         N/A       78%         4
 Flame Wave               Conj/Fire      2%         2d4       98%         4
 Iskenderun's Mystic Bla  Conj/Tloc      2%         2d3       98%         4
 Sticky Flame             Conj/Fire      2%         2d3       98%         4
 Dispersal                Tloc           1%         N/A       100%        6
 Starburst                Conj/Fire      1%         6d3       100%        6
 Ozocubu's Refrigeration  Ice            1%         4d7       100%        7


Dungeon Overview and Level Annotations

Branches:
Dungeon (5/15)
 Temple: D:4-7

Altars:
Gozag
Trog
Yredelemnul

Shops:
D:3 (


Innate Abilities, Weirdness & Mutations

((You are very nimble when in or above water. (Stealth+, EV+, Speed+++)))
Your lower body shifts to a powerful aquatic tail in water.
You passively dampen the noise of your surroundings.


Message History

Something tries to affect you, but you resist.
The ice beast barely misses you. Something barely misses you.
You barely miss something. Something hits you but does no damage.
The ice beast barely misses you. Something hits you.
You barely miss something. The ice beast misses you.
Something barely misses you. The ice beast misses you. Something hits you.
You miss something. Something barely misses you.
The ice beast completely misses you.
You miss something. Something hits you. The ice beast hits you.
The ice beast freezes you!
* * * LOW HITPOINT WARNING * * *
Something barely misses you.
You hit the ice beast.
You melt the ice beast.
The ice beast is moderately wounded.
Something hits you but does no damage. The ice beast hits you.
* * * LOW HITPOINT WARNING * * *
The ice beast freezes you!
* * * LOW HITPOINT WARNING * * *
Something hits you but does no damage.
You feel better. The ice beast hits you.
* * * LOW HITPOINT WARNING * * *
The ice beast freezes you!
* * * LOW HITPOINT WARNING * * *
Something hits you.
* * * LOW HITPOINT WARNING * * *
Something hits you but does no damage.
Really read the scroll of poison?
Okay, then.
Really read the scroll of poison?
The air fills with toxic fumes!
As you read the scroll of poison, it crumbles to dust.
The ice beast barely misses you.
You hear some strange, mumbled words.
A puff of flame appears from out of thin air!
The puff of flame misses you.
You hit the ice beast.
You melt the ice beast.
The ice beast is heavily wounded.
The ice beast misses you. Something hits you.
You die...
Your body rises from the dead as a mindless zombie.

# #.. ### .[ §§§.
########.# #
#§§#######oo......# .#
####§§§@#...Y###.####..#
§§§§§§§{Yo#### #.......#
§§§§####§§§§§...#......#
.. §§§ ########........#
.### #§ ###....... ##...
.. ........ ....##..
.......#. ......
.....#..# ...(#####
.....##...


You could see an ice beast and an orc.

Vanquished Creatures
  An ogre (D:4)
  A phantom (D:4)
  A scorpion (D:5)
  A howler monkey (D:4)
  A jelly (D:4)
  Crazy Yiuf (D:2)
  An orc wizard (D:4)
  5 adders
  5 gnolls
  An ufetubus (D:4)
  2 worms
  13 orcs
  5 ball pythons
  6 endoplasms
  5 giant cockroaches
  11 goblins
  3 hobgoblins
  8 jackals
  3 quokkas
  4 bats (D:2)
  2 frilled lizards
  5 kobolds
  2 rats
87 creatures vanquished.

Vanquished Creatures (collateral kills)
  Grinder (D:4)
  An ogre (D:4)
  An orc wizard (D:4)
  Robin (D:4)
  2 orcs (D:4)
  A ball python (D:4)
  2 endoplasms (D:4)
  5 goblins (D:4)
  A hobgoblin (D:4)
  A jackal (D:4)
16 creatures vanquished.

Vanquished Creatures (others)
  A howler monkey zombie (D:4)
  An adder zombie (D:4)
  A gnoll zombie (D:5)
  A ball python zombie (D:4)
  An endoplasm zombie (D:4)
  A frilled lizard zombie (D:3)
  A giant cockroach zombie (D:4)
  2 goblin zombies (D:4)
  A hobgoblin zombie (D:4)
  A jackal zombie (D:4)
  6 orc zombies
  A spectral ufetubus (D:4)
18 creatures vanquished.

Grand Total: 121 creatures vanquished

Notes
Turn   | Place    | Note
-------+----------+-------------------------------------------
     0 | D:1      | Fortress the Merfolk Transmuter began the quest for the
                  | Orb.
     0 | D:1      | Reached XP level 1. HP: 15/15 MP: 3/3
   224 | D:1      | Reached XP level 2. HP: 10/21 MP: 5/5
   500 | D:1      | Reached XP level 3. HP: 23/26 MP: 4/6
  1010 | D:2      | Found a basalt altar of Yredelemnul.
  1215 | D:2      | Found a runed translucent door.
  1216 | D:2      | Noticed Crazy Yiuf
  1225 | D:2      | Killed Crazy Yiuf
  1226 | D:2      | Reached XP level 4. HP: 27/32 MP: 5/7
  1431 | D:2      | Became a worshipper of Yredelemnul the Dark
  1579 | D:3      | Found a faded altar of an unknown god.
  1631 | D:3      | Reached XP level 5. HP: 36/37 MP: 8/8
  1699 | D:3      | Learned a level 2 spell: Wereblood
  1808 | D:3      | Reached * piety under Yredelemnul
  1840 | D:3      | Found Qiaxut's Antique Weapon Shoppe.
  1846 | D:3      | Found a bloodstained altar of Trog.
  1959 | D:4      | Noticed an ogre
  1975 | D:4      | Killed an ogre
  2026 | D:4      | Noticed a phantom
  2031 | D:4      | Killed a phantom
  2032 | D:4      | Reached skill level 5 in Unarmed Combat
  2032 | D:4      | Reached XP level 6. HP: 45/45 MP: 10/10
  2184 | D:4      | Noticed Grinder
  2184 | D:4      | Paralysed by Grinder for 5 turns
  2194 | D:4      | Paralysed by Grinder for 3 turns
  2207 | D:4      | Killed Grinder
  2208 | D:4      | Reached skill level 5 in Dodging
  2208 | D:4      | Reached XP level 7. HP: 41/51 MP: 11/11
  2470 | D:4      | Reached ** piety under Yredelemnul
  2470 | D:4      | Noticed Robin
  2488 | D:4      | Killed Robin
  3115 | D:4      | Found an opulent altar of Gozag.
  3412 | D:5      | Entered Level 5 of the Dungeon
  3570 | D:5      | Reached XP level 8. HP: 23/60 MP: 13/13
  3582 | D:5      | Gained mutation: You passively dampen the noise of your
                  | surroundings. [potion of mutation]
  3595 | D:5      | HP: 3/60 [ice beast (14)]
  3596 | D:5      | HP: 1/60 [something (1)]
  3598 | D:5      | Slain by an orc wizard

Illustrated notes

Levels and vault maps discovered:
D:1:      wheals_arrival_shading, layout_loops_ring
D:2:      layout_rooms, basic_altar, uniq_crazy_yiuf_cottage
D:3:      layout_rooms, bloody_trog, shapermc_ecumenical_altar_mp_ritualfount,
          serial_shops, nicolae_shop_crystal
D:4:      layout_layer_cave, marbit_many_paths, uniq_robin, uniq_grinder
D:5:      minmay_evil_eye, layout_rooms, mainiacjoe_overflow_alcove_4,
          minmay_temple_entry_poolview

Skill      XL: |  1  2  3  4  5  6  7 |
---------------+----------------------+-----
Transmutations | 3 4 |  4.5
Dodging        | 3 4 5 6 |  6.3
Unarmed Combat | 4 5 6 |  6.4
Fighting       | 2 3 |  3.9
Spellcasting   | 3 |  3.5
Armour         | |  0.1
Stealth        | |  0.4

Action                     |  1- 3 |  4- 6 |  7- 9 || total
---------------------------+-------+-------+-------++-------
  Melee: Unarmed           |   116 |       |       ||   116
         Headbutt          |    13 |       |       ||    13
         Quarterstaff      |       |    79 |    98 ||   177
   Cast: Beastly Appendage |    16 |       |       ||    16
    Use: Scroll            |       |       |    11 ||    11
         Potion            |       |       |     5 ||     5
   Stab: Sleeping          |     3 |     1 |     1 ||     5
         Distracted        |       |     1 |     1 ||     2
 Armour: Robe              |     9 |       |       ||     9
         Leather armour    |     6 |    24 |    19 ||    49
  Dodge: Dodged            |    85 |    71 |   121 ||   277
